 Dungeon Crawl Stone Soup version 0.29-a0-559-g359e09b9d1 (webtiles) character file.

Game seed: 5764369834874540760

13279 KristoblXynda the Covert (level 11, -1/115 HPs)
             Began as a Vampire Berserker on June 10, 2022.
             Was a High Priest of Trog.
             Slain by an Executioner (3 damage)
             ... on level 1 of the Abyss.
             The game lasted 00:17:42 (10829 turns).

KristoblXynda the Covert (Vampire Berserker)       Turns: 10829, Time: 00:17:43

Health: -1/115     AC:  8    Str: 18    XL:     11   Next: 73%
Magic:  11/11      EV: 16    Int: 13    God:    Trog [*****.]
Gold:   1462       SH:  5    Dex: 13    Spells: 10/10 levels left

rFire   . . .      SeeInvis +   n - +6 rapier of the Invisible Gods {spect, rN+ rCorr SInv}
rCold   . . .      Faith    .   (no shield)
rNeg    + . .      Spirit   .   D - +0 troll leather armour
rPois   .          Reflect  +   (no helmet)
rElec   .          Harm     .   H - +0 cloak
rCorr   +          Rampage  .   (no gloves)
Will    +....                   g - +1 pair of boots
Stlth   ..........              f - amulet of reflection
HPRegen 1.29/turn               I - ring of resist corrosion
MPRegen 0.12/turn               (no ring)

@: berserking, healing quickly, very quick
A: alive, fangs 3, see invisible, vampiric 2
a: Exsanguinate, Renounce Religion, Berserk, Trog's Hand, Brothers in Arms


You were on level 1 of the Abyss.
You worshipped Trog.
Trog was extremely pleased with you.
You visited 2 branches of the dungeon, and saw 11 of its levels.
You visited the Abyss 1 time.
You also visited: Ossuary and Bailey.

You collected 1514 gold pieces.
You spent 52 gold pieces at shops.

Inventory:

Hand Weapons
 n - the +6 rapier of the Invisible Gods (weapon) {spect, rN+ rCorr SInv}
   (You took it off a kobold on level 2 of the Dungeon)

   When its wielder attacks, the weapon's spirit leaps out and strikes again.
   The spirit shares a part of any damage it takes with its wielder.
   rN:        It protects you from negative energy.
   SInv:      It lets you see invisible.
   rCorr:     It protects you from acid and corrosion.
 t - the +9 long sword "Geony" {antimagic, rPois rCorr Str+3}
   (You found it on level 10 of the Dungeon)

   It reduces the magical energy of the wielder, and disrupts the spells and
   magical abilities of those it strikes.
   Natural abilities and divine invocations are not affected.
   Str:       It affects your strength (+3).
   rPois:     It protects you from poison.
   rCorr:     It protects you from acid and corrosion.
 L - a +1 scimitar of flaming
Missiles
 i - 2 throwing nets (quivered)
Armour
 g - a +1 pair of boots (worn)
 B - +0 acid dragon scales
 D - a +0 troll leather armour (worn)
 H - a +0 cloak (worn)
Jewellery
 f - an amulet of reflection (around neck)
 I - a ring of resist corrosion (left hand)
Wands
 q - a wand of acid (10)
 y - a wand of iceblast (15)
 F - a wand of paralysis (3)
Scrolls
 b - 2 scrolls of poison
 l - 6 scrolls of enchant weapon
 m - 5 scrolls of teleportation
 o - a scroll of summoning
 x - a scroll of blinking
 z - 2 scrolls of immolation
 A - 2 scrolls of identify
 C - a scroll of enchant armour
 E - a scroll of fear
Potions
 a - 5 potions of might
 c - 3 potions of brilliance
 d - 7 potions of curing
 e - a potion of flight {unknown}
 h - 2 potions of resistance
 j - 3 potions of lignification
 k - 6 potions of heal wounds
 p - 2 potions of attraction
 s - 2 potions of mutation
 u - a potion of magic {unknown}
 v - 2 potions of haste
 w - a potion of ambrosia
Miscellaneous
 r - a box of beasts
 G - a phantom mirror
 J - a box of beasts
 K - a lightning rod (4/4)


   Skills:
 - Level 4.0 Fighting
 + Level 11.5(11.8) Short Blades
 - Level 3.4(7.6) Long Blades
 + Level 7.0 Armour
 + Level 10.7 Dodging
 + Level 13.8 Stealth


You had 10 spell levels left.
You didn't know any spells.
Your spell library contained the following spells:

 Spells                   Type           Power      Damage    Failure   Level
 Necrotize                Necr           0%         1d4       34%         1
 Summon Small Mammal      Summ           0%         N/A       34%         1
 Blink                    Tloc           0%         N/A       47%         2
 Scorch                   Fire           0%         2d5       47%         2
 Call Canine Familiar     Summ           0%         N/A       71%         3
 Gell's Gravitas          Tloc           0%         N/A       71%         3
 Lesser Beckoning         Tloc           0%         N/A       71%         3
 Summon Guardian Golem    Hex/Summ       0%         N/A       71%         3
 Teleport Other           Tloc           0%         N/A       71%         3
 Vampiric Draining        Necr           0%         2d6       71%         3
 Flame Wave               Conj/Fire      0%         2d4       98%         4
 Agony                    Necr           0%         N/A       100%        5
 Manifold Assault         Tloc           0%         N/A       100%        5
 Summon Cactus Giant      Summ           0%         N/A       100%        6


Dungeon Overview and Level Annotations

Branches:
Dungeon (10/15)            Temple (1/1) D:4            Lair (0/6) D:10
Ossuary (visited)          Bailey (visited)
    Orc: D:9-12

Altars:
Ashenzari
Cheibriados
Dithmenos
Elyvilon
Fedhas
Gozag
Hepliaklqana
Kikubaaqudgha
Makhleb
Nemelex Xobeh
Okawaru
Qazlal
Ru
Sif Muna
Trog
Uskayaw
Vehumet
Wu Jian
Xom
Yredelemnul
Zin
The Shining One

Shops:
D:5 ?


Innate Abilities, Weirdness & Mutations

Your natural rate of healing is accelerated.
You have razor-sharp teeth.
You have supernaturally acute eyesight. (SInv)
You are afflicted with vampirism and can become a bat while bloodless.


Message History

The blast of cold hits you!!
You hear a screech!
You puncture the white draconian!
The white draconian is severely wounded.
Your +6 rapier of the Invisible Gods {spect, rN+ rCorr SInv} barely misses the white draconian.
You block the Executioner's attack. The Executioner hits you!
The Executioner barely misses you.
Unknown command.
You closely miss the white draconian.
You punch the white draconian, but do no damage.
The white draconian is severely wounded.
Your +6 rapier of the Invisible Gods {spect, rN+ rCorr SInv} barely misses the white draconian.
The Executioner hits you!
* * * LOW HITPOINT WARNING * * *
The Executioner hits you but does no damage.
The Executioner closely misses you.
You puncture the white draconian!
The white draconian is almost dead.
Your +6 rapier of the Invisible Gods {spect, rN+ rCorr SInv} misses the white draconian.
The Executioner hits you!!
* * * LOW HITPOINT WARNING * * *
The Executioner hits you but does no damage.
The Executioner hits you.
* * * LOW HITPOINT WARNING * * *
The white draconian hits you with a +0 mace.
* * * LOW HITPOINT WARNING * * *
You closely miss the white draconian.
The white draconian is almost dead.
Your +6 rapier of the Invisible Gods {spect, rN+ rCorr SInv} hits the white draconian.
The Executioner hits you but does no damage.
The Executioner hits you.
* * * LOW HITPOINT WARNING * * *
The Executioner hits you but does no damage.
You closely miss the white draconian.
The white draconian is almost dead.
Your +6 rapier of the Invisible Gods {spect, rN+ rCorr SInv} hits the white draconian.
The Executioner completely misses you. The Executioner hits you.
* * * LOW HITPOINT WARNING * * *
The Executioner hits you.
You die...

.. # .. ##.
####.
#.###d##
#d...# #.
.#(@##.. . .
#.1##..#...
#....##.. #
##
#.G#.#.#.##
#..#.#
.....#
#.#.##..
#..#.# ##
.#.. . .## .
.# ####....
# #
.#...##.....


You could see a white draconian (distracted, catching breath), a great orb of
eyes, an Executioner (fast) and a friendly +6 rapier of the Invisible Gods
{spect, rN+ rCorr SInv} (summoned).

Vanquished Creatures
  An orc warlord (Bailey)
  A boulder beetle (D:9)
  A centaur warrior (D:9)
  A catoblepas (D:9)
  A two-headed ogre (D:9)
  A tengu warrior (D:9)
  Pikel (D:5)
  Joseph (D:7)
  Maurice (D:8)
  The ghost of blade888 the Firebug, a novice GnFE (D:5)
  Maggie (D:7)
  Psyche (D:8)
  A komodo dragon (D:9)
  An efreet (D:9)
  A troll (D:9)
  Grinder (D:3)
  Prince Ribbit (D:7)
  A shadow (D:9)
  Eustachio (D:4)
  A wraith (D:10)
  10 yaks
  A basilisk (D:9)
  A redback (shapeshifter) (D:9)
  A steam dragon (D:7)
  An acid dragon (D:9)
  A water moccasin (D:8)
  5 orc warriors
  A black bear (D:7)
  A sky beast (D:6)
  4 ice beasts
  An ogre (D:6)
  4 centaurs
  A phantom (D:4)
  3 kobold brigands
  2 bullfrogs
  2 necrophages
  A gnoll sergeant (D:9)
  A water moccasin zombie (Ossuary)
  6 wights (D:9)
  2 killer bees (D:9)
  6 centaur zombies (Ossuary)
  2 howler monkeys
  3 jellies
  A bullfrog zombie (Ossuary)
  2 bullfrog skeletons (D:5)
  6 orc priests
  2 gnoll shamans
  4 hounds (D:5)
  2 iguanas
  8 orc wizards
  2 killer bee zombies
  18 mummies (Ossuary)
  2 howler monkey zombies (Ossuary)
  18 gnolls
  4 adders
  A white imp (D:7)
  An ufetubus (D:7)
  A worm (D:3)
  3 dart slugs
  23 orcs
  5 ball pythons
  4 bats
  5 endoplasms
  5 giant cockroaches
  11 hobgoblins
  2 jackals (D:2)
  25 kobolds
  A quokka (D:2)
  4 frilled lizards
  8 goblins
  2 rats
250 creatures vanquished.

Vanquished Creatures (others)
  An orc (D:8)
  4 plants
  3 withered plants (Ossuary)
8 creatures vanquished.

Grand Total: 258 creatures vanquished

Notes
Turn   | Place    | Note
-------+----------+-------------------------------------------
     0 | D:1      | KristoblXynda the Vampire Berserker began the quest for the
                  | Orb.
     0 | D:1      | Reached XP level 1. HP: 17/17 MP: 1/1
   191 | D:1      | Reached XP level 2. HP: 19/24 MP: 2/2
  1056 | D:2      | Found an opulent altar of Gozag.
  1116 | D:2      | Identified the +6 rapier of the Invisible Gods {spect, rN+
                  | rCorr SInv}
  1120 | D:2      | Gained mutation: You are afflicted with vampirism and can
                  | become a bat while bloodless. [Vampire growth]
  1120 | D:2      | Reached XP level 3. HP: 19/29 MP: 3/3
  1839 | D:3      | Reached skill level 1 in Short Blades
  1839 | D:3      | Reached XP level 4. HP: 35/35 MP: 4/4
  1983 | D:3      | Reached ** piety under Trog
  2023 | D:3      | Found an iron altar of Okawaru.
  2039 | D:3      | Found a blossoming altar of Fedhas.
  2154 | D:3      | Found a faded altar of an unknown god.
  2183 | D:3      | Noticed Grinder
  2186 | D:3      | Paralysed by Grinder for 5 turns
  2192 | D:3      | Killed Grinder
  2193 | D:3      | Reached XP level 5. HP: 31/42 MP: 5/5
  2193 | D:3      | Reached XP level 6. HP: 35/48 MP: 6/6
  2721 | D:4      | Noticed Eustachio
  2740 | D:4      | Killed Eustachio
  2741 | D:4      | Reached skill level 2 in Stealth
  2935 | D:4      | Found a stormy altar of Qazlal.
  3015 | D:4      | Found a staircase to the Ecumenical Temple.
  3055 | D:4      | Reached skill level 3 in Stealth
  3055 | D:4      | Reached XP level 7. HP: 47/54 MP: 7/7
  3063 | Temple   | Entered the Ecumenical Temple
  3801 | D:5      | Entered Level 5 of the Dungeon
  4109 | D:5      | Reached skill level 4 in Stealth
  4128 | D:5      | Found a runed translucent gate.
  4128 | D:5      | Found a runed translucent gate.
  4141 | D:5      | Reached skill level 5 in Dodging
  4292 | D:5      | Found Xechufisoca's Magic Scroll Boutique.
  4294 | D:5      | Noticed Pikel
  4301 | D:5      | Killed Pikel
  4302 | D:5      | Reached skill level 5 in Stealth
  4302 | D:5      | Reached XP level 8. HP: 9/60 MP: 8/8
  4306 | D:5      | Reached skill level 5 in Short Blades
  4306 | D:5      | Reached skill level 6 in Stealth
  4365 | D:5      | Bought a scroll of identify for 26 gold pieces
  4365 | D:5      | Bought a scroll of identify for 26 gold pieces
  4571 | D:5      | Found a runed translucent gate.
  4575 | D:5      | Noticed blade888's ghost (novice GnFE)
  4947 | D:5      | Killed blade888's ghost
  4952 | D:5      | Reached skill level 7 in Stealth
  5105 | D:6      | Reached skill level 5 in Armour
  5117 | D:6      | Reached XP level 9. HP: 65/65 MP: 9/9
  5234 | D:6      | Found a sand-covered staircase.
  5239 | Ossuary  | Entered an ossuary
  5308 | Ossuary  | Reached *** piety under Trog
  5309 | Ossuary  | Reached skill level 8 in Stealth
  5647 | D:7      | Found a flagged portal.
  5657 | Bailey   | Entered a bailey
  5701 | Bailey   | Noticed an orc warlord
  5768 | Bailey   | Reached **** piety under Trog
  5787 | Bailey   | Reached skill level 9 in Stealth
  5821 | Bailey   | Found a runed translucent gate.
  5970 | Bailey   | Found a runed translucent gate.
  5972 | Bailey   | Found a runed translucent gate.
  6001 | Bailey   | Killed an orc warlord
  6002 | Bailey   | Reached skill level 10 in Stealth
  6002 | Bailey   | Reached XP level 10. HP: 48/71 MP: 10/10
  6056 | Bailey   | Acquired 1007 gold pieces
  6385 | D:7      | Found a shimmering blue altar of Sif Muna.
  6584 | D:7      | Noticed Prince Ribbit
  6611 | D:7      | Killed Prince Ribbit
  6857 | D:7      | Noticed Joseph
  6863 | D:7      | Killed Joseph
  7049 | D:7      | Noticed Maggie
  7063 | D:7      | Killed Maggie
  7064 | D:7      | Reached skill level 11 in Stealth
  7419 | D:8      | Noticed Maurice
  7437 | D:8      | Killed Maurice
  7438 | D:8      | Reached skill level 10 in Short Blades
  7714 | D:8      | Noticed Psyche
  7728 | D:8      | Killed Psyche
  8041 | D:8      | Found a shimmering altar of Xom.
  8080 | D:8      | Found a broken altar of Ashenzari.
  8083 | D:8      | Found a hazy altar of Hepliaklqana.
  8084 | D:8      | Found a snail-covered altar of Cheibriados.
  8249 | D:9      | Reached ***** piety under Trog
  8342 | D:9      | Reached skill level 12 in Stealth
  8636 | D:9      | Noticed a cane toad
  8636 | D:9      | Noticed a tengu warrior
  8638 | D:9      | Noticed a centaur warrior
  8639 | D:9      | Noticed a boulder beetle
  8651 | D:9      | HP: 3/71 [centaur warrior/arrow (13)]
  9040 | D:9      | Reached XP level 11. HP: 71/77 MP: 11/11
  9080 | D:9      | Identified the +12 hand crossbow of Reapportionment {penet,
                  | +Blink rPois rN+}
  9205 | D:9      | Found a shadowy altar of Dithmenos.
  9342 | D:9      | Noticed a catoblepas
  9357 | D:9      | Killed a catoblepas
  9612 | D:9      | Killed a boulder beetle
  9618 | D:9      | Reached skill level 10 in Dodging
  9767 | D:9      | Noticed a two-headed ogre
  9775 | D:9      | Killed a two-headed ogre
  9826 | D:9      | Killed a tengu warrior
  9827 | D:9      | Reached skill level 13 in Stealth
 10034 | D:9      | Killed a centaur warrior
 10229 | D:10     | Entered Level 10 of the Dungeon
 10253 | D:10     | Found a staircase to the Lair.
 10570 | D:10     | Identified the +9 long sword "Geony" {antimagic, rPois
                  | rCorr Str+3}
 10775 | D:10     | Cast into level 1 of the Abyss (orc warrior)
 10810 | Abyss:1  | Noticed a great orb of eyes
 10810 | Abyss:1  | Noticed a white draconian
 10822 | Abyss:1  | Noticed an Executioner
 10827 | Abyss:1  | HP: 5/115 [white draconian/+0 mace (6)]
 10829 | Abyss:1  | HP: 2/115 [Executioner (3)]
 10829 | Abyss:1  | Slain by an Executioner

Illustrated notes

Levels and vault maps discovered:
D:1:      lemuel_arrival_muddy, layout_loops_ring, nicolae_grassy_gnolls
D:2:      wad_lake_hut, layout_basic, basic_altar
D:3:      layout_loops_ring, fedhas_altar_1, mainiacjoe_overflow_paths,
          shapermc_ecumenical_altar_notcrosses, uniq_grinder
D:4:      layout_loops_ring, nicolae_qazlal_general_emergency,
          minmay_temple_entry_large_hall, uniq_eustachio
D:5:      layout_basic, gammafunk_ghost_necromancy, chequers_mini_garden,
          kennysheep_small_circle, uniq_pikel
D:6:      layout_rooms, lightli_ossuary_entry_decrepit_ruins
D:7:      black_bear_nest_2, layout_loops_ring, led_sif_pool, enter_bailey_6,
          minmay_misc_feat_five, uniq_prince_ribbit1, uniq_joseph, uniq_maggie
D:8:      layout_rooms, mainiacjoe_overflow_alcove_3, uniq_maurice, uniq_psyche
D:9:      minmay_the_grid_triangle_9x9_recursive_2_mashed
          [minmay_the_grid_triangle_9x9_prize_center,
          minmay_the_grid_triangle_9x9_alien,
          minmay_the_grid_triangle_9x9_empty,
          minmay_the_grid_triangle_9x9_semitri], layout_cave_pods,
          nicolae_overflow_squiral, hangedman_decor_riveting
D:10:     dragon1_lemuel, layout_layer_cave, lair_entry_dummy
Temple:   minmay_temple_forest_path
Abyss:1:  base:
D:10

Skill      XL: |  1  2  3  4  5  6  7  8  9 10 11 |
---------------+----------------------------------+-----
Fighting       | 3 4 |  4.0
Armour         | 2 3 4 5 7 |  7.0
Short Blades   | 1 2 3 4 6 8 10 11 | 11.5
Dodging        | 3 4 5 6 8 9 10 | 10.7
Stealth        | 3 5 7 10 12 13 | 13.8
Long Blades    | |  3.4

Action                   |  1- 3 |  4- 6 |  7- 9 | 10-12 || total
-------------------------+-------+-------+-------+-------++-------
Melee: Falchion          |    71 |       |       |       ||    71
       Bite              |    12 |     8 |    25 |    34 ||    79
       Punch             |     1 |     2 |     1 |     3 ||     7
       Rapier            |    22 |    60 |   161 |   292 ||   535
Invok: Berserk           |     1 |       |     3 |    11 ||    15
Evoke: Wand              |       |       |     5 |     8 ||    13
  Use: Scroll            |     3 |       |    17 |     9 ||    29
       Potion            |       |       |     1 |     3 ||     4
 Stab: Sleeping          |       |     2 |     7 |    11 ||    20
       Distracted        |       |       |     4 |     5 ||     9
       Invisible         |       |       |     1 |       ||     1
       Petrified         |       |       |       |     1 ||     1
       Paralysed         |       |       |       |     1 ||     1
Armor: Ring mail         |    30 |    11 |       |       ||    41
       Leather armour    |       |     2 |    23 |    12 ||    37
       Acid dragon scale |       |       |       |    13 ||    13
       Troll leather arm |       |       |       |    21 ||    21
Dodge: Dodged            |    47 |    26 |    40 |   142 ||   255
Block: Other             |     9 |     8 |    18 |    60 ||    95
       Reflection        |       |       |     2 |     2 ||     4

Table legend: (Time is in decaauts)
 A = Elapsed time spent in this place.
 B = Non-inter-level travel time spent in this place.
 C = Inter-level travel time spent in this place.
 D = Time resting spent in this place.
 E = Time spent auto-exploring this place.
 F = Levels seen in this place.
 G = Mean time per level.
                   A        B        C        D        E       F      G
               +--------+--------+--------+--------+--------+-----+--------+
         Total |  10923 |  10602 |    321 |   2633 |   5872 |  14 |  780.2 |
       Dungeon |   9860 |   9543 |    317 |   2451 |   5474 |  10 |  986.0 |
        Temple |    364 |    360 |      4 |      0 |    348 |   1 |  364.0 |
         Abyss |     49 |     49 |      0 |      4 |      0 |   1 |   49.0 |
       Ossuary |    226 |    226 |      0 |     16 |     50 |   1 |  226.0 |
        Bailey |    423 |    423 |      0 |    161 |      0 |   1 |  423.0 |
               +--------+--------+--------+--------+--------+-----+--------+

Top non-repeatable levels by time:
     D:9: 1992 daAuts
     D:7: 1358 daAuts
     D:5: 1235 daAuts
     D:1: 931 daAuts
     D:2: 916 daAuts
     D:4: 859 daAuts
     D:8: 828 daAuts
     D:3: 801 daAuts
    D:10: 545 daAuts
  Bailey: 423 daAuts
     D:6: 390 daAuts
  Temple: 364 daAuts
 Ossuary: 226 daAuts
 Abyss:1: 49 daAuts
